Construct Infanterie Kompanie
Selects Luftwaffe Battlegroup
Selects Luftwaffe Pioneer Support
Selects Stuka Strafing Run
Selects Fallschirmjäger Squad Paradrop
Fallschirmjäger Squad Paradrop
Fallschirmjäger Squad Paradrop
Construct Panzergrenadier Kompanie
Selects Flak 38 Anti-Air Emplacement
Construct Panzer Kompanie
Selects Flak 38 Anti-Air Emplacement
Selects Flak 38 Anti-Air Emplacement
Selects Flak 38 Anti-Air Emplacement
Selects Infantry Reserves